 Dungeon Crawl Stone Soup version 0.29.1-13-g9f3cf754e1 (webtiles) character file.

Game seed: 10085781678001442116

9 cheesebisquit the Insei (level 2, 21/21 HPs)
             Began as a Merfolk Transmuter on Jan 29, 2023.
             Quit the game on level 1 of the Dungeon.
             The game lasted 00:01:56 (442 turns).

cheesebisquit the Insei (Merfolk Transmuter)         Turns: 442, Time: 00:01:56

Health: 21/21      AC:  2    Str: 10    XL:     2   Next: 12%
Magic:  5/5        EV: 13    Int: 12    God:
Gold:   41         SH:  0    Dex: 14    Spells: 4/5 levels left

rFire   . . .      SeeInvis .     - Unarmed
rCold   . . .      Faith    .   (no shield)
rNeg    . . .      Spirit   .   a - +0 robe
rPois   .          Reflect  .   (no helmet)
rElec   .          Harm     .   (no cloak)
rCorr   .          Rampage  .   (no gloves)
Will    .....                   (no boots)
Stlth   +.........              (no amulet)
HPRegen 0.07/turn               (no ring)
MPRegen 0.09/turn               (no ring)

@: no status effects
A: (nimble swimmer 2), mertail
a: no special abilities


You were on level 1 of the Dungeon.
You visited 1 branch of the dungeon, and saw 1 of its levels.

You collected 41 gold pieces.

Inventory:

Armour
 a - a +0 robe (worn)
Potions
 b - a potion of lignification
 c - a potion of might {unknown}
 d - a potion of flight {unknown}
 e - 2 potions of brilliance {unknown}


   Skills:
 + Level 1.4 Fighting
 + Level 2.9 Dodging
 + Level 3.4 Unarmed Combat
 + Level 2.1 Spellcasting
 + Level 2.9 Transmutations


You had 4 spell levels left.
You knew the following spells:

 Your Spells              Type           Power      Damage    Failure   Level
a - Beastly Appendage     Tmut           16%        N/A       8%          1

Your spell library contained the following spells:

 Spells                   Type           Power      Damage    Failure   Level
 Wereblood                Tmut           8%         N/A       12%         2
 Spider Form              Tmut/Pois      4%         N/A       41%         3
 Ice Form                 Ice/Tmut       4%         N/A       82%         4


Dungeon Overview and Level Annotations

Branches:
Dungeon (1/15)

Altars:


Innate Abilities, Weirdness & Mutations

((You are very nimble when in or above water. (Stealth+, EV+, Speed+++)))
Your lower body shifts to a powerful aquatic tail in water.


Message History

You grow a pair of large bovine horns.
The bat hits you but does no damage.
You are too injured to fight recklessly!
You are too injured to fight recklessly!
You barely miss the bat. You headbutt the bat.
You kill the bat!
A dart slug is nearby!
The dart slug launches a dart at you. The slug dart hits you.
You hit the dart slug.
The dart slug is severely wounded.
You hit the dart slug. You headbutt the dart slug.
You kill the dart slug!
Your transformation is almost over.
You see here a dart slug corpse.
Magic restored.
Your horns disappear.
HP restored.
You see here a dart slug corpse.
c - a fizzy ruby potion
d - an inky potion A dart slug comes into view.
The dart slug closely misses you.
You hit the dart slug.
The dart slug is severely wounded.
You hit the dart slug but do no damage.
The dart slug is severely wounded.
The dart slug launches a dart at you. The slug dart hits you.
You hit the dart slug.
You kill the dart slug!
You have reached level 2!
You see here a dart slug corpse.
You now have 27 gold pieces (gained 9).
Found a chain mail.
You now have 41 gold pieces (gained 14).
e - 2 fizzy dark potions Search for what [? for help]?
Okay, then.
Are you sure you want to abandon this character and quit the game? (Confirm with "yes".)

#####.# #.# #.#
#.###########
#.##........#######
#.##..............
#.....#.........#
###...###.###.###
#.#.#.....@P..#
#.#.#.#.#P#P#P#
#.#.#..P...P..
#.#.###.###.###
#.#.#.P..


.PP #.#.###P# P### #.# .P. .. #. .# There were no monsters in sight!

Vanquished Creatures
  3 dart slugs (D:1)
  A bat (D:1)
4 creatures vanquished.

Notes
Turn   | Place    | Note
-------+----------+-------------------------------------------
     0 | D:1      | cheesebisquit the Merfolk Transmuter began the quest for
                  | the Orb.
     0 | D:1      | Reached XP level 1. HP: 15/15 MP: 3/3
   266 | D:1      | Reached XP level 2. HP: 14/21 MP: 5/5
   442 | D:1      | Quit the game

Illustrated notes

Levels and vault maps discovered:
D:1:      lemuel_arrival_river_ford, layout_loops_ring,
          shapermc_ecumenical_altar_mp_urbaneastern,
          amcnicky_mini_corridor_feature, minivault_24, st_stairs_14

Action                   || total
-------------------------++-------
Melee: Unarmed           ||    17
       Headbutt          ||     2
 Cast: Beastly Appendage ||     1
Armor: Robe              ||    14
Dodge: Dodged            ||    13
